 Dungeon Crawl Stone Soup version 0.21.1-1-g345015f (webtiles) character file.

3166 equalderp2856 the Cleaver (level 9, -11/79 HPs)
             Began as a Minotaur Fighter on Apr 29, 2018.
             Mangled by a hornet (12 damage)
             ... on level 8 of the Dungeon.
             The game lasted 00:13:25 (7931 turns).

equalderp2856 the Cleaver (Minotaur Fighter)        Turns: 7931, Time: 00:13:26

Health: -11/79     AC: 10    Str: 22    XL:     9   Next: 63%
Magic:  8/8        EV: 10    Int:  6    God:
Gold:   451        SH: 11    Dex: 11    Spells: 8/8 levels left

rFire    . . .     SeeInvis .   a - +0 war axe
rCold    + . .     Gourm    .   c - +0 shield
rNeg     . . .     Faith    .   b - +0 scale mail
rPois    .         Spirit   .   (helmet restricted)
rElec    .         Reflect  .   l - scarf {repulsion}
rCorr    .         Harm     .   n - +1 pair of gloves
MR       .....                  (no boots)
Stlth    ..........             (no amulet)
HPRegen  0.23/turn              A - ring of protection from cold
MPRegen  0.11/turn              (no ring)

@: lethally poisoned (-11 -> -15), slowed, repel missiles, very slow
A: retaliatory headbutt, horns 2
a: no special abilities


You were on level 8 of the Dungeon.
You were not hungry.

You visited 1 branch of the dungeon, and saw 8 of its levels.

You collected 451 gold pieces.

Inventory:

Hand Weapons
 a - a +0 war axe (weapon)
 x - a +0 trident
Armour
 b - a +0 scale mail (worn)
 c - a +0 shield (worn)
 l - a scarf of repulsion (worn)
 n - a +1 pair of gloves (worn)
 z - a +2 buckler
Jewellery
 A - a ring of protection from cold (left hand)
Wands
 q - a wand of enslavement (4)
 v - a wand of polymorph (3)
 C - a wand of flame (7)
Scrolls
 g - a scroll of teleportation
 h - 2 scrolls of amnesia {unknown}
 k - a scroll of enchant armour {unknown}
 m - a scroll of noise {unknown}
 p - 3 scrolls of identify
 r - a scroll of immolation
 u - 2 scrolls of remove curse {unknown}
 w - a scroll of random uselessness {unknown}
 y - a scroll of blinking {unknown}
Potions
 d - 2 potions of might
 e - 2 potions of flight {unknown}
 i - a potion of resistance {unknown}
 j - 4 potions of curing
 o - 2 potions of lignification {unknown}
 t - 2 potions of brilliance {unknown}
 B - a potion of berserk rage {unknown}
Books
 s - a book of Necromancy

   Spells                             Type                      Level
   a - Pain                           Necromancy                   1
   b - Animate Skeleton               Necromancy                   1
   c - Vampiric Draining              Necromancy                   3
   d - Regeneration                   Charms/Necromancy            3
   e - Animate Dead                   Necromancy                   4
   f - Borgnjor's Vile Clutch         Necromancy/Earth             5
Comestibles
 f - 12 rations


   Skills:
 + Level 7.1 Fighting
 + Level 10.3 Axes
 + Level 8.0 Armour
 + Level 3.7 Dodging
 + Level 0.8 Stealth
 + Level 8.1 Shields


You had 8 spell levels left.
You didn't know any spells.

Dungeon Overview and Level Annotations

Branches:
Dungeon (8/15)             Temple (0/1) D:5
   Lair: D:8-11

Altars:
Fedhas
Kikubaaqudgha
Nemelex Xobeh
Okawaru

Shops:
D:5 :

Annotations:
D:8 Grum


Innate Abilities, Weirdness & Mutations

You reflexively headbutt those who attack you in melee.
You have a pair of horns on your head.


Message History

The hornet stings you but does no damage.
Evoke which item? (* to show all) (? for menu, Esc to quit)
Okay, then.
Unknown command.
You hit the hornet. Your headbutt misses the hornet.
The hornet is lightly wounded.
The hornet stings you.
* * * LOW HITPOINT WARNING * * *
You are poisoned.
You feel as though you will be slow longer.
The hornet barely misses you.
You slice the hornet!! Your headbutt misses the hornet.
The hornet is severely wounded.
You feel sick.
The hornet stings you but does no damage.
The hornet stings you!
* * * LOW HITPOINT WARNING * * *
You feel as though you will be slow longer.
The hornet stings you!
You die...

.g
##############.#
#.. #.# #..
#####.# #..
..##.########..
#.##........#..
###.##..#####. #
#.W.....#
.##.#.##y#.###.#
.......@.#.# .#
....#......# .#
# ######## .. ##


You could see a phantom and a hornet.

Vanquished Creatures
  A hungry ghost (D:7)
  A water moccasin (D:6)
  4 ice beasts (D:5)
  A sky beast (D:7)
  3 ogres
  An orc warrior (D:7)
  2 black bears (D:7)
  A wolf (D:8)
  A centaur (D:7)
  2 big kobolds (D:7)
  5 bullfrogs
  A gnoll sergeant (D:6)
  A scorpion (D:4)
  5 howler monkeys
  A jelly (D:7)
  A crimson imp (D:6)
  3 centaur skeletons
  4 hounds
  2 orc priests (D:3)
  A bullfrog skeleton (D:7)
  4 worker ants
  Natasha (thrice) (D:4)
  An orc wizard (D:8)
  A hound zombie (D:6)
  A hound skeleton (D:6)
  A worker ant zombie (D:6)
  12 gnolls
  9 adders
  2 howler monkey skeletons
  An adder zombie (D:7)
  An adder skeleton (D:6)
  3 worms (D:2)
  4 dart slugs
  6 leopard geckos
  21 orcs
  2 ball pythons
  6 giant cockroaches
  13 goblins
  12 hobgoblins
  4 jackals (D:2)
  8 quokkas
  6 bats
  4 frilled lizards
  6 kobolds
  A leopard gecko skeleton (D:6)
  6 rats
179 creatures vanquished.

Vanquished Creatures (collateral kills)
  A wolf (D:8)
1 creature vanquished.

Grand Total: 180 creatures vanquished

Notes
Turn   | Place    | Note
-------+----------+-------------------------------------------
     0 | D:1      | equalderp2856 the Minotaur Fighter began the quest for the Orb.
     0 | D:1      | Reached XP level 1. HP: 19/19 MP: 0/0
    84 | D:1      | HP: 1/20 [dart slug/slug dart (4)]
   144 | D:1      | Reached XP level 2. HP: 6/27 MP: 1/1
   697 | D:1      | Reached XP level 3. HP: 33/33 MP: 2/2
  1002 | D:2      | Reached skill level 3 in Axes
  1117 | D:2      | Reached XP level 4. HP: 41/41 MP: 3/3
  2122 | D:3      | Reached skill level 4 in Axes
  2122 | D:3      | Reached XP level 5. HP: 47/47 MP: 4/4
  2674 | D:4      | Noticed Natasha
  2686 | D:4      | Killed Natasha
  2880 | D:3      | Reached skill level 1 in Dodging
  2880 | D:3      | Reached skill level 5 in Shields
  2967 | D:4      | Noticed Natasha
  2982 | D:4      | Killed Natasha
  2982 | D:4      | Reached XP level 6. HP: 32/53 MP: 5/5
  3120 | D:4      | Reached skill level 5 in Axes
  3120 | D:4      | Reached skill level 5 in Armour
  3344 | D:4      | Found an iron altar of Okawaru.
  3444 | D:4      | Reached skill level 5 in Fighting
  3451 | D:4      | Noticed Natasha
  3460 | D:4      | Killed Natasha
  3463 | D:4      | Reached XP level 7. HP: 51/61 MP: 6/6
  3617 | D:4      | Reached skill level 6 in Axes
  3654 | D:4      | Found an ancient bone altar of Kikubaaqudgha.
  3654 | D:4      | Found a blossoming altar of Fedhas.
  3970 | D:5      | Entered Level 5 of the Dungeon
  4213 | D:5      | Reached skill level 7 in Axes
  4367 | D:5      | Reached XP level 8. HP: 69/69 MP: 7/7
  4423 | D:5      | Found a staircase to the Ecumenical Temple.
  4458 | D:5      | Found Vunnoonu's Book Emporium.
  4853 | D:6      | Reached skill level 8 in Axes
  5801 | D:6      | Found a sparkling altar of Nemelex Xobeh.
  5860 | D:6      | Reached skill level 9 in Axes
  6401 | D:7      | Reached XP level 9. HP: 60/78 MP: 8/8
  6614 | D:7      | Noticed a tengu warrior
  7122 | D:7      | Reached skill level 10 in Axes
  7738 | D:8      | Noticed Grum
  7931 | D:8      | HP: 1/79 [hornet (9)]
  7931 | D:8      | Mangled by a hornet

Skill      XL: |  1  2  3  4  5  6  7  8  9 |
---------------+----------------------------+-----
Fighting       | 4 5 6 7 |  7.1
Shields        | 4 5 6 7 8 |  8.1
Armour         | 4 5 6 7 8 |  8.0
Axes           | 3 4 5 7 9 10 | 10.3
Dodging        | 1 2 3 |  3.7
Stealth        | |  0.8

Action                   |  1- 3 |  4- 6 |  7- 9 || total
-------------------------+-------+-------+-------++-------
Melee: War axe           |    82 |   151 |   283 ||   516
       Headbutt          |    15 |    17 |    62 ||    94
Evoke: Wand              |       |       |     5 ||     5
  Use: Scroll            |       |       |     5 ||     5
       Potion            |       |       |     1 ||     1
  Eat: Chunk             |       |     8 |     7 ||    15
       Ration            |       |       |     3 ||     3
Armor: Scale mail        |    33 |    60 |    92 ||   185
Dodge: Dodged            |    29 |    59 |   103 ||   191
       Deflected         |       |     4 |     1 ||     5
Block: Shield            |    43 |   101 |   182 ||   326
